 Dungeon Crawl Stone Soup version 0.31-a0-626-g8143ab4f1d (webtiles) character file.

Game seed: 15168748826796750480

60 Maratek the Chopper (level 3, 17/29 HPs)
             Began as a Demonspawn Berserker on Aug 24, 2023.
             Was a Follower of Trog.
             Quit the game on level 2 of the Dungeon.
             The game lasted 00:01:08 (1068 turns).

Maratek the Chopper (Demonspawn Berserker)          Turns: 1068, Time: 00:01:08

Health: 17/29      AC:  2    Str: 19    XL:     3   Next: 80%
Magic:  3/3        EV: 12    Int:  8    God:    Trog [*.....]
Gold:   66         SH:  0    Dex: 12    Spells: 2/2 levels left

rFire   . . .        a - +0 hand axe
rCold   . . .        (no shield)
rNeg    . . .        b - +0 animal skin
rPois   .            (no helmet)
rElec   .            (no cloak)
rCorr   .            (no gloves)
SInv    .            (no boots)
Will    .....        (no amulet)
Stlth   +            (no ring)
HPRegen 0.24/turn    (no ring)
MPRegen 0.16/turn

%: no passive effects
@: no status effects
A: magic regeneration, weakness stinger 1
a: Renounce Religion, Berserk


You were on level 2 of the Dungeon.
You worshipped Trog.
Trog was aware of your devotion.
You visited 1 branch of the dungeon, and saw 2 of its levels.

You collected 66 gold pieces.

Inventory:

Hand Weapons
 a - a +0 hand axe (weapon)
Missiles
 j - a throwing net
Armour
 b - a +0 animal skin (worn)
Scrolls
 c - 2 scrolls of identify {unknown}
 e - a scroll of vulnerability {unknown}
Potions
 d - a potion of cancellation {unknown}
 f - a potion of enlightenment {unknown}
 g - 2 potions of curing {unknown}
 h - 2 potions of mutation {unknown}
 i - a potion of heal wounds {unknown}


   Skills:
 + Level 3.5 Fighting
 + Level 3.6 Axes
 + Level 1.9 Armour
 + Level 2.1 Dodging


You had 2 spell levels left.
You didn't know any spells.
Your spell library was empty.

Dungeon Overview and Level Annotations

Branches:
Dungeon (2/15)

Altars:


Innate Abilities, Weirdness & Mutations

You regenerate magic rapidly.
You have a small tail.


Message History

Natasha, Servant of Life and Death comes into view.
Natasha hisses angrily.
A dart slug comes into view.
You miss Natasha. You tail-slap Natasha.
Natasha is moderately wounded.
Natasha claws you.
You hit Natasha.
Natasha is severely wounded.
Natasha claws you.
You hit Natasha.
Natasha is almost dead.
Natasha claws you.
You slash Natasha!
You kill Natasha!
Trog accepts your kill.
Trog appreciates your killing of a magic user.
Moaning pathetically, Natasha's spirit plunges into the ground.
Your Dodging skill increases to level 2!
You hit the dart slug but do no damage. You tail-slap the dart slug.
The dart slug is heavily wounded.
The dart slug launches a dart at you. The slug dart hits you.
You completely miss the dart slug.
The dart slug is heavily wounded.
The dart slug launches a dart at you. The slug dart hits you.
You completely miss the dart slug.
The dart slug is moderately wounded.
The dart slug launches a dart at you. The slug dart misses you.
You barely miss the dart slug.
The dart slug is moderately wounded.
You hit the dart slug.
The dart slug is heavily wounded.
The dart slug closely misses you.
You hit the dart slug.
You kill the dart slug!
Trog accepts your kill.
No target in view!
Are you sure you want to abandon this character and quit the game? (Confirm with "yes".)

#.# #.# ..#
#.# #.# #.#
..... #†#
...#..# #@#
.#...####.#
.........#
#.#.####.#
#.#.## #.#
.####....###.#
.............#
####....#####
#....##


There were no monsters in sight!

Vanquished Creatures
  Natasha (D:2)
  2 adders (D:2)
  A dart slug (D:2)
  A bat (D:1)
  3 giant cockroaches
  A goblin (D:1)
  4 hobgoblins
  A quokka (D:1)
  3 rats
17 creatures vanquished.

Notes
Turn   | Place    | Note
-------+----------+-------------------------------------------
     0 | D:1      | Maratek the Demonspawn Berserker began the quest for the
                  | Orb.
     0 | D:1      | Reached XP level 1. HP: 18/18 MP: 1/1
   524 | D:1      | Gained mutation: You regenerate magic rapidly. [demonic
                  | ancestry]
   524 | D:1      | Reached XP level 2. HP: 23/24 MP: 2/2
   940 | D:2      | Gained mutation: You have a small tail. [demonic ancestry]
   940 | D:2      | Reached XP level 3. HP: 15/29 MP: 3/3
  1055 | D:2      | Noticed Natasha
  1061 | D:2      | Killed Natasha
  1068 | D:2      | Quit the game

Illustrated notes

Levels and vault maps discovered:
D:1:      dpeg_arrival_signposts, layout_loops_ring, serial_forest,
          infiniplex_forest_split, infiniplex_forest_clump_small,
          infiniplex_forest_lined_1, infiniplex_forest_join,
          infiniplex_forest_lined_3, infiniplex_forest_end_1, st_stairs_5
D:2:      layout_loops_ring, basic_altar, kennysheep_minor_cross,
          lemuel_flame_loot_1, uniq_natasha

Skill      XL: |  1  2  3 |
---------------+----------+-----
Axes           | 3 |  3.6
Dodging        | 2 |  2.1
Fighting       | |  3.5
Armour         | |  1.9

Action                     || total
---------------------------++-------
  Melee: Hand axe          ||    62
         Punch             ||     1
         Tailslap          ||     4
 Armour: Animal skin       ||     8
  Dodge: Dodged            ||    41

Table legend: (Time is in decaauts)
 A = Elapsed time spent in this place.
 B = Non-inter-level travel time spent in this place.
 C = Inter-level travel time spent in this place.
 D = Time resting spent in this place.
 E = Time spent auto-exploring this place.
 F = Levels seen in this place.
 G = Mean time per level.
                   A        B        C        D        E       F      G
               +--------+--------+--------+--------+--------+-----+--------+
         Total |   1077 |   1052 |     25 |      0 |    912 |   2 |  538.5 |
       Dungeon |   1077 |   1052 |     25 |      0 |    912 |   2 |  538.5 |
               +--------+--------+--------+--------+--------+-----+--------+

Top non-repeatable levels by time:
     D:1: 868 daAuts
     D:2: 208 daAuts
